 Dungeon Crawl Stone Soup version 0.22.0-25-g7663229ff0 (webtiles) character file.

834 Acheron the Agent of Entropy (level 7, -2/61 HPs)
             Began as a Hill Orc Abyssal Knight on Aug 20, 2018.
             Was a Priest of Lugonu.
             Slain by an ice beast (13 damage)
             ... on level 8 of the Dungeon.
             The game lasted 00:24:46 (3915 turns).

Acheron the Agent of Entropy (HOAK)                 Turns: 3915, Time: 00:24:47

Health: -2/61      AC:  8    Str: 15 (17) XL:     7   Next: 98%
Magic:  11/11      EV: 18    Int:  9 (12) God:    Lugonu [***...]
Gold:   63         SH:  0    Dex: 14 (17) Spells: 6/6 levels left

rFire    . . .     SeeInvis .   a - +1 hand axe
rCold    . . .     Gourm    .   (no shield)
rNeg     . . .     Faith    .   h - +0 ring mail
rPois    .         Spirit   .   c - +0 helmet
rElec    .         Reflect  .   (no cloak)
rCorr    .         Harm     .   j - +0 pair of gloves
MR       .....                  (no boots)
Stlth    +++.......             (no amulet)
HPRegen  0.20/turn              (no ring)
MPRegen  0.12/turn              (no ring)

@: agile
A: strong 1, sturdy frame 1
a: Depart the Abyss, Bend Space, Banish, Renounce Religion


You were on level 8 of the Dungeon.
You worshipped Lugonu.
Lugonu was most pleased with you.
You were not hungry.

You visited 1 branch of the dungeon, and saw 8 of its levels.
You visited the Abyss 1 time.

You collected 135 gold pieces.
You spent 72 gold pieces at shops.

Inventory:

Hand Weapons
 a - a +1 hand axe (weapon)
 d - a +1 flail of holy wrath
   (You took it off Edmund on level 5 of the Dungeon)
 f - a +1 dagger of draining
   (You took it off a goblin on level 4 of the Dungeon)
 g - a +3 hunting sling
   (You found it on level 1 of the Dungeon)
Missiles
 k - 37 stones (quivered)
Armour
 c - a +0 helmet (worn)
   (You took it off Robin on level 4 of the Dungeon)
 h - a +0 ring mail (worn)
   (You took it off Edmund on level 5 of the Dungeon)
 j - a +0 pair of gloves (worn)
   (You found it on level 1 of the Dungeon)
 v - a +0 shield
   (You found it on level 7 of the Dungeon)
Magical Staves
 m - an uncursed staff of wizardry {!a}
   (You found it on level 2 of the Dungeon)
Jewellery
 o - an uncursed ring of protection from fire {unknown}
   (You found it on level 2 of the Dungeon)
Scrolls
 b - a scroll of magic mapping
 i - 2 scrolls of identify {@r1}
 n - 3 scrolls of remove curse {@r2}
 p - a scroll of immolation {unknown}
 r - a scroll of fog
Potions
 l - a potion of lignification {!q}
Comestibles
 e - 4 rations {!d}
 u - 4 chunks of flesh


   Skills:
 + Level 5.1 Fighting
 + Level 4.4 Axes
 + Level 3.6 Armour
 * Level 3.4 Dodging
 * Level 3.5 Stealth
 * Level 5.6 Invocations


You had 6 spell levels left.
You didn't know any spells.
Your spell library was empty.

Dungeon Overview and Level Annotations

Branches:
Dungeon (8/15)
 Temple: D:4-7         Lair: D:8-11

Altars:
Yredelemnul

Shops:
D:5 ?


Innate Abilities, Weirdness & Mutations

Your muscles are strong. (Str +2)
Your movements are slightly less encumbered by armour. (ER -2)


Message History

An orc comes into view. It is wielding a flail.
Wield which item (- for none, * to show all)? (? for menu, Esc to quit)
Okay, then.
You closely miss the adder.
The orc shouts!
You hit the gnoll but do no damage. The adder closely misses you.
The gnoll barely misses you. The gnoll completely misses you.
The adder bites you but does no damage.
You barely miss the adder. You hit the gnoll.
An orc comes into view. It is wielding a flail.
The gnoll completely misses you. x2; The adder bites you but does no damage.
You barely miss the adder.
The orc shouts!
You hit the gnoll. The adder closely misses you. The gnoll closely misses you.
A scorpion comes into view.
A water moccasin comes into view.
The gnoll barely misses you.
The orc wizard gestures wildly while chanting.
The orc wizard blinks!
The water moccasin hisses angrily.
You hit the adder. You hit the gnoll but do no damage.
The adder closely misses you. The gnoll barely misses you. x2
The adder closely misses you.
You closely miss the adder. You hit the gnoll but do no damage.
The adder completely misses you.
The gnoll hits you from afar with a halberd!
* * * LOW HITPOINT WARNING * * *
The gnoll barely misses you.
It was a potion of degeneration.
There was something very wrong with that liquid.
You feel weakened.
You feel dopey.
You feel clumsy. The adder closely misses you. The gnoll closely misses you.
The gnoll misses you.
You slash the gnoll! You hit the adder. The adder completely misses you.
The gnoll hits you with a club.
* * * LOW HITPOINT WARNING * * *
The adder closely misses you. The gnoll completely misses you.
As you read the scroll of teleportation {@r4}, it crumbles to dust.
You feel strangely unstable. The adder closely misses you.
The gnoll barely misses you.
You hit the gnoll.
You kill the gnoll!
Lugonu accepts your kill.
You miss the adder. The gnoll barely misses you.
The adder barely misses you. x2
Your surroundings suddenly seem different.
Found 7 stones.
Found a stone staircase leading up.
A hound, an ice beast and 3 orcs come into view.
The ice beast hits you.
* * * LOW HITPOINT WARNING * * *
The ice beast freezes you!
You die...

#o..#
#..h###+##
#........#
#........#
#..o.....#
+..o.....#
#........#
#...Y....#
##.@.....#
#......(#
##+#<#+##
... .### .
.


You could see an orc warrior, an ice beast, a hound (sleeping) and an orc.

Vanquished Creatures
  Edmund (D:5)
  A sky beast (D:6)
  A slave (D:4)
  A centaur (D:7)
  A bullfrog (D:6)
  A howler monkey (D:6)
  A bullfrog zombie (D:5)
  2 bullfrog skeletons
  2 hounds (D:4)
  A centaur skeleton (D:5)
  3 orc wizards (D:4)
  Robin (D:4)
  A gnoll (D:8)
  7 adders
  A shadow imp (D:7)
  An ooze (D:7)
  3 adder skeletons
  A worm (D:2)
  A dart slug (D:1)
  4 leopard geckos
  11 orcs
  8 giant cockroaches
  11 goblins
  5 hobgoblins
  4 jackals (D:1)
  A quokka (D:3)
  2 ball pythons (D:2)
  2 bats
  A frilled lizard (D:2)
  A jackal skeleton (D:8)
  A kobold (D:1)
  A quokka skeleton (D:4)
  A rat (D:3)
84 creatures vanquished.

Notes
Turn   | Place    | Note
-------+----------+-------------------------------------------
     0 | Abyss:1  | Acheron the Hill Orc Abyssal Knight began the quest for the Orb.
     0 | Abyss:1  | Reached XP level 1. HP: 19/19 MP: 2/2
     5 | Abyss:1  | Found a corrupted altar of Lugonu.
    16 | Abyss:1  | Found a corrupted altar of Lugonu.
    19 | D:1      | Escaped the Abyss
   209 | D:1      | Reached skill level 1 in Dodging
   209 | D:1      | Reached XP level 2. HP: 27/27 MP: 3/3
   747 | D:2      | Reached XP level 3. HP: 25/33 MP: 5/5
   806 | D:2      | Reached ** piety under Lugonu
   806 | D:2      | Reached skill level 1 in Stealth
  1040 | D:3      | Reached XP level 4. HP: 29/40 MP: 6/6
  1330 | D:4      | Reached XP level 5. HP: 35/46 MP: 7/7
  1344 | D:4      | HP: 1/46 [orc/hand axe (5)]
  1470 | D:5      | Entered Level 5 of the Dungeon
  1507 | D:5      | Noticed a sky beast
  1537 | D:4      | HP: 2/47 [poisoned by an adder]
  1609 | D:4      | Noticed a phantom
  1913 | D:4      | Reached XP level 6. HP: 45/53 MP: 9/9
  1958 | D:5      | Found Ynibbiel's Magic Scroll Boutique.
  1963 | D:5      | Bought a scroll of remove curse for 36 gold pieces
  1963 | D:5      | Bought a scroll of fog for 24 gold pieces
  1963 | D:5      | Bought a scroll of noise for 12 gold pieces
  1975 | D:5      | Noticed an ice beast
  2117 | D:4      | Reached *** piety under Lugonu
  2147 | D:4      | Gained mutation: Your movements are slightly less encumbered by armour. (ER -2) [potion of mutation]
  2147 | D:4      | Gained mutation: Your muscles are strong. (Str +2) [potion of mutation]
  2339 | D:4      | Noticed Robin
  2363 | D:4      | Killed Robin
  2652 | D:4      | Noticed Edmund
  2856 | D:5      | Killed Edmund
  2856 | D:5      | Reached XP level 7. HP: 15/60 MP: 10/10
  3290 | D:6      | Reached skill level 5 in Invocations
  3744 | D:6      | Reached skill level 5 in Fighting
  3819 | D:7      | Found a basalt altar of Yredelemnul.
  3915 | D:8      | Slain by an ice beast

Skill      XL: |  1  2  3  4  5  6  7 |
---------------+----------------------+-----
Dodging        | 1 2 3 |  3.4
Fighting       | 4 5 |  5.1
Axes           | 3 4 |  4.4
Stealth        | 1 2 3 |  3.5
Invocations    | 3 4 5 |  5.6
Armour         | 3 |  3.6

Action                   |  1- 3 |  4- 6 |  7- 9 || total
-------------------------+-------+-------+-------++-------
Melee: Hand axe          |    81 |   189 |    81 ||   351
       Flail             |       |       |    23 ||    23
Invok: Bend Space        |       |       |     1 ||     1
  Use: Scroll            |       |     6 |     2 ||     8
       Potion            |       |     7 |     3 ||    10
 Stab: Sleeping          |     1 |       |       ||     1
  Eat: Chunk             |       |     3 |       ||     3
       Ration            |       |     1 |     1 ||     2
Armor: Leather armour    |    30 |    43 |       ||    73
       Skin              |       |    17 |    17 ||    34
       Ring mail         |       |       |    40 ||    40
Dodge: Dodged            |    62 |   140 |    93 ||   295
